 Dungeon Crawl Stone Soup version 0.32-a0-928-g1cae6b7ea0 (webtiles) character file.

Game seed: 1440189040690214551

1478 MadMike78 the Apothecary (level 8, 0/46 HPs)
             Began as an Octopode Alchemist on Apr 12, 2024.
             Was a Follower of Yredelemnul.
             Shot with an arrow by a centaur (7 damage)
             ... on level 6 of the Dungeon.
             The game lasted 00:13:26 (6387 turns).

MadMike78 the Apothecary (Octopode Alchemist)       Turns: 6387, Time: 00:13:28

Health: 0/46       AC:  1    Str:  8    XL:     8   Next: 79%
Magic:  0/15       EV: 12    Int: 19    God:    Yredelemnul [*.....]
Gold:   239        SH:  5    Dex: 12    Spells: 4/16 levels left

rFire   . . .        p - +2 short sword (flame)
rCold   . . .        l - +1 buckler
rNeg    . . .        (helmet restricted)
rPois   .            m - amulet of guardian spirit
rElec   .            n - ring of wizardry
rCorr   +            i - ring of resist corrosion
SInv    .            (no ring)
Will    .....        (no ring)
Stlth   +++          (no ring)
HPRegen 0.27/turn    (no ring)
MPRegen 0.14/turn    (no ring)
                     (no ring)

%: guardian spirit, wizardry (x1)
@: wreathed by umbra
A: almost no armour, amphibious, 8 rings, camouflage 1, gelatinous body 1,
(nimble swimmer 1), tentacles
a: Renounce Religion, Light the Black Torch, Recall Undead Harvest


You were on level 6 of the Dungeon.
You worshipped Yredelemnul.
Yredelemnul was noncommittal.
You visited 2 branches of the dungeon, and saw 7 of its levels.

You collected 239 gold pieces.

Inventory:

Hand Weapons
 p - a +2 short sword of flaming (weapon)
Armour
 l - a +1 buckler (worn)
Jewellery
 i - a ring of resist corrosion (right tentacle)
 m - an amulet of guardian spirit (around mantle)
 n - a ring of wizardry (left tentacle)
Wands
 j - a wand of roots (5)
Scrolls
 c - a scroll of teleportation
 q - 2 scrolls of immolation
Potions
 a - a potion of magic
 b - 2 potions of curing
 e - a potion of brilliance {unknown}
 f - 4 potions of lignification
 g - a potion of attraction {unknown}
 k - 3 potions of enlightenment {unknown}
 o - a potion of cancellation {unknown}
 s - a potion of might {unknown}


   Skills:
 + Level 2.4 Maces & Flails
 + Level 3.3 Dodging
 - Level 2.6 Stealth
 + Level 2.2 Shields
 + Level 4.8 Spellcasting
 + Level 4.7 Conjurations
 + Level 2.5 Fire Magic
 - Level 3.0 Air Magic
 + Level 6.3 Alchemy


You had 4 spell levels left.
You knew the following spells:

 Your Spells              Type           Power      Damage    Failure   Level
a - Sting                 Conj/Alch      100%       1d9       1%          1
b - Mephitic Cloud        Conj/Alch/Air  22%        N/A       3%          3
c - Olgreb's Toxic Radia  Alch           28%        N/A       6%          4
d - Sticky Flame          Fire/Alch      21%        2d6       13%         4

Your spell library contained the following spells:

 Spells                   Type           Power      Damage    Failure   Level
 Mercury Vapours          Alch/Air       44%        N/A       1%          2
 Malign Gateway           Summ/Tloc      2%         N/A       100%        7
 Summon Horrible Things   Summ           2%         N/A       100%        8


Dungeon Overview and Level Annotations

Branches:
Dungeon (6/15)             Temple (1/1) D:5

Altars:
Cheibriados
Dithmenos
Elyvilon
Fedhas
Gozag
Hepliaklqana
Kikubaaqudgha
Nemelex Xobeh
Okawaru
Qazlal
Ru
Sif Muna
Uskayaw
Vehumet
Wu Jian
Xom
Yredelemnul
Zin
The Shining One

Shops:
D:6 *


Innate Abilities, Weirdness & Mutations

You cannot wear most types of armour.
You are amphibious.
You can wear up to eight rings at the same time.
Your skin changes colour to match your surroundings (Stealth+).
Your rubbery body absorbs attacks. (AC +1, EV +1)
((You are camouflaged when in or above water. (Stealth+)))
You have tentacles for arms and can constrict up to eight enemies at once.


Message History

Confirm with . or Enter, or press ? or * to list all spells.
Aiming: Mephitic Cloud (dangerous; 3% risk of failure)
Press: ? - help, Shift-Dir - straight line, p - centaur The ball explodes into a vile cloud!
The stinking cloud engulfs the centaur.
The centaur is moderately wounded.
The stinking cloud engulfs the scorpion.
The centaur shoots an arrow.
The arrow hits you!
Unknown command.
Casting: Mephitic Cloud (dangerous; 3% risk of failure)
Confirm with . or Enter, or press ? or * to list all spells.
You begin to radiate toxic energy.
The scorpion is poisoned.
The scorpion looks even sicker.
The centaur looks even sicker.
The centaur shoots an arrow.
You block the arrow.
The centaur shoots an arrow.
The arrow hits you!
Casting: Olgreb's Toxic Radiance (dangerous; 6% risk of failure)
Confirm with . or Enter, or press ? or * to list all spells.
Aiming: Mephitic Cloud (dangerous; 3% risk of failure)
Press: ? - help, Shift-Dir - straight line The ball explodes into a vile cloud!
The stinking cloud engulfs the centaur.
The centaur is moderately wounded.
The stinking cloud engulfs the scorpion.
The scorpion is heavily wounded.
The stinking cloud engulfs you. The scorpion barely misses you.
The centaur shoots an arrow.
The arrow hits you!
Unknown command.
You completely miss the scorpion. You grab the scorpion.
The scorpion is severely wounded.
Your toxic aura wanes.
You constrict the scorpion.
You kill the scorpion!
Their soul becomes fuel for the torch.
The dead are crawling!
The centaur shoots an arrow.
The arrow barely misses your scorpion zombie.
The arrow hits you!
* * * LOW HITPOINT WARNING * * *
The centaur shoots an arrow.
The arrow barely misses your scorpion zombie.
The arrow hits you!
You die...
Your body rises from the dead as a mindless zombie.

..##.#
#.#
#.##.#
#.#
#.##..
###.#
#.####
#...# .#
#.###
#.# #.#
#Z# #@#
#...cZ.#
#...§○.#
#...§.§#
#......#
#......#
###.#...
#.....


You could see a centaur (very poisoned, ally target), a friendly water moccasin
zombie and a friendly scorpion zombie.

Vanquished Creatures
  Eustachio (D:5)
  A water moccasin (D:6)
  Duvessa (D:4)
  2 black bears (D:4)
  An ogre (D:6)
  A centaur (D:5)
  3 scorpions
  Dowan (D:4)
  A jelly (D:5)
  An orc priest (D:4)
  Crazy Yiuf (D:2)
  3 hounds (D:5)
  A gnoll bouda (D:5)
  2 iguanas
  An orc wizard (D:5)
  6 adders
  2 gnolls (D:5)
  A human zombie (D:5)
  4 ribbon worms
  3 dart slugs
  9 orcs
  8 endoplasms
  7 goblins
  5 hobgoblins
  14 jackals
  A quokka (D:3)
  17 ball pythons
  10 bats
  2 frilled lizards (D:2)
  6 kobolds
  7 rats
123 creatures vanquished.

Vanquished Creatures (collateral kills)
  An ogre (D:5)
  A scorpion (D:5)
  A gnoll (D:5)
3 creatures vanquished.

Vanquished Creatures (others)
  An iguana zombie (D:6)
  An adder zombie (D:6)
2 creatures vanquished.

Grand Total: 128 creatures vanquished

Notes
Turn   | Place    | Note
-------+----------+-------------------------------------------
     0 | D:1      | MadMike78 the Octopode Alchemist began the quest for the
                  | Orb.
     0 | D:1      | Reached XP level 1. HP: 11/11 MP: 3/3
   156 | D:1      | Reached XP level 2. HP: 15/17 MP: 0/5
   561 | D:1      | Reached XP level 3. HP: 21/21 MP: 4/6
  1251 | D:2      | Learned a level 3 spell: Mephitic Cloud
  1267 | D:2      | Reached skill level 4 in Alchemy
  1402 | D:2      | Found a runed translucent door.
  1403 | D:2      | Noticed Crazy Yiuf
  1412 | D:2      | Killed Crazy Yiuf
  1413 | D:2      | Reached XP level 4. HP: 19/27 MP: 2/8
  1977 | D:2      | Reached skill level 1 in Air Magic
  2116 | D:2      | Learned a level 4 spell: Olgreb's Toxic Radiance
  2467 | D:3      | You fall into a shaft and drop 1 floor!
  2482 | D:4      | Noticed a black bear
  2492 | D:4      | Killed a black bear
  2493 | D:4      | Reached XP level 5. HP: 31/31 MP: 0/10
  2908 | D:3      | Reached XP level 6. HP: 36/36 MP: 8/11
  3505 | D:3      | Found an opulent altar of Gozag.
  3742 | D:4      | Noticed a black bear
  3767 | D:4      | Killed a black bear
  3768 | D:4      | Reached skill level 5 in Alchemy
  3973 | D:4      | Noticed Duvessa
  3974 | D:4      | Noticed Dowan
  3981 | D:4      | Killed Dowan
  3982 | D:4      | Reached XP level 7. HP: 41/41 MP: 1/12
  3993 | D:4      | Killed Duvessa
  4209 | D:4      | Learned a level 4 spell: Sticky Flame
  4466 | D:5      | Entered Level 5 of the Dungeon
  4643 | D:5      | Found a staircase to the Ecumenical Temple.
  4652 | Temple   | Entered the Ecumenical Temple
  4667 | Temple   | Became a worshipper of Yredelemnul the Fallen
  4719 | D:5      | Found the +6 shillelagh "Devastator" {shatter}
  4877 | D:5      | Noticed Eustachio
  4886 | D:5      | Killed Eustachio
  4887 | D:5      | Reached skill level 1 in Fire Magic
  5155 | D:5      | Reached skill level 1 in Maces & Flails
  5156 | D:5      | Reached skill level 1 in Shields
  5156 | D:5      | Reached XP level 8. HP: 37/46 MP: 6/14
  5164 | D:5      | Your ally Eustachio died
  5310 | D:5      | Reached skill level 6 in Alchemy
  6233 | D:6      | Reached * piety under Yredelemnul
  6327 | D:6      | Found Qusir's General Store.
  6387 | D:6      | Shot with an arrow by a centaur

Illustrated notes

Levels and vault maps discovered:
D:1:      beargit_arrival_diablo_church, layout_basic,
          chequers_decorated_corner, chequers_jeans
D:2:      layout_basic, amcnicky_mini_corridor_feature, uniq_crazy_yiuf_cottage
D:3:      kennysheep_six_static_rooms, layout_basic,
          lemuel_coloured_pillars_altar
D:4:      layout_gridville, st_stairs_7, minmay_misc_feat_chi, uniq_duvessa
D:5:      layout_layer_cave, minmay_temple_entry_glass, uniq_eustachio
D:6:      layout_loops_ring, serial_shops, nicolae_stop_n_shop_2, uniq_edmund
Temple:   nicolae_temple_bog_church

Skill      XL: |  1  2  3  4  5  6  7  8 |
---------------+-------------------------+-----
Conjurations   | 2 3 4 |  4.7
Alchemy        | 4 5 6 |  6.3
Spellcasting   | 3 4 |  4.8
Air Magic      | 1 2 3 |  3.0
Fire Magic     | 1 2 |  2.5
Maces & Flails | 1 2 |  2.4
Shields        | 1 2 |  2.2
Dodging        | 3 |  3.3
Stealth        | |  2.6

Action                     |  1- 3 |  4- 6 |  7- 9 || total
---------------------------+-------+-------+-------++-------
  Melee: Unarmed           |     9 |       |       ||     9
         Constrict         |     9 |     6 |     9 ||    24
         Tentacles         |     9 |     3 |     6 ||    18
         Dagger            |    28 |    19 |       ||    47
         Quarterstaff      |       |     6 |       ||     6
         Short sword       |       |     3 |    19 ||    22
         Shillelagh        |       |       |    10 ||    10
   Cast: Sting             |    56 |    98 |    36 ||   190
         Mephitic Cloud    |       |     3 |     6 ||     9
         Olgreb's Toxic Ra |       |     2 |     5 ||     7
 Invoke: Light the Black T |       |       |     2 ||     2
  Evoke: Wand              |       |       |     1 ||     1
    Use: Scroll            |       |     8 |     5 ||    13
   Stab: Confused          |       |       |     2 ||     2
         Distracted        |       |       |     1 ||     1
 Armour: Skin              |    29 |    18 |    22 ||    69
  Dodge: Dodged            |    26 |    16 |    22 ||    64
  Block: Buckler           |       |       |     6 ||     6

Table legend: (Time is in decaauts)
 A = Elapsed time spent in this place.
 B = Non-inter-level travel time spent in this place.
 C = Inter-level travel time spent in this place.
 D = Time resting spent in this place.
 E = Time spent auto-exploring this place.
 F = Levels seen in this place.
 G = Mean time per level.
                   A        B        C        D        E       F      G
               +--------+--------+--------+--------+--------+-----+--------+
         Total |   6387 |   6223 |    164 |    384 |   5022 |   7 |  912.4 |
       Dungeon |   6362 |   6222 |    140 |    384 |   5022 |   6 | 1060.3 |
        Temple |     24 |      1 |     23 |      0 |      0 |   1 |   24.0 |
               +--------+--------+--------+--------+--------+-----+--------+

Top non-repeatable levels by time:
     D:5: 1501 daAuts
     D:1: 1245 daAuts
     D:2: 1127 daAuts
     D:3: 1108 daAuts
     D:4: 983 daAuts
     D:6: 397 daAuts
  Temple: 24 daAuts
